 Dungeon Crawl Stone Soup version 0.22.1-6-g1668fe2 (webtiles) character file.

5481 Fang the Cleaver (level 10, -2/96 HPs)
             Began as a Gargoyle Berserker on Jan 22, 2019.
             Was a Priest of Trog.
             Slain by a two-headed ogre
             ... wielding a +0 great mace
              (17 damage)
             ... on level 9 of the Dungeon.
             The game lasted 00:09:04 (8083 turns).

Fang the Cleaver (Gargoyle Berserker)               Turns: 8083, Time: 00:09:05

Health: -2/96      AC: 12    Str: 33    XL:     10   Next: 69%
Magic:  10/10      EV: 13    Int:  8    God:    Trog [***...]
Gold:   400        SH:  0    Dex:  9    Spells: 9/9 levels left

rFire    + . .     SeeInvis .   D - +6 war axe
rCold    . . .     Gourm    +   (no shield)
rNeg     + . .     Faith    .   (no armour)
rPois    ∞         Spirit   .   l - +2 hat
rElec    +         Reflect  .   (no cloak)
rCorr    .         Harm     .   z - +2 pair of gloves
MR       .....                  (no boots)
Stlth    ..........             y - amulet of the gourmand
HPRegen  0.26/turn              C - ring of protection from fire
MPRegen  0.12/turn              a - +4 ring of strength

@: berserking, very quick
A: negative energy resistance 1, electricity resistance, unbreathing,
petrification resistance, rot immunity, AC +7
a: Berserk, Trog's Hand, Renounce Religion


You were on level 9 of the Dungeon.
You worshipped Trog.
Trog was most pleased with you.
You were very full.

You visited 2 branches of the dungeon, and saw 10 of its levels.

You collected 400 gold pieces.

Inventory:

Hand Weapons
 D - a +6 war axe (weapon)
Armour
 l - a +2 hat (worn)
 z - a +2 pair of gloves (worn)
 E - the +2 ring mail of Atheism {Dex+3}
   (You found it on level 6 of the Dungeon)

   It affects your dexterity (+3).
 G - a +2 plate armour
Jewellery
 a - a +4 ring of strength (right hand)
 y - an amulet of the gourmand (around neck)
 C - a ring of protection from fire (left hand)
Wands
 B - a wand of acid (10)
 F - a wand of iceblast (4)
Scrolls
 g - 2 scrolls of magic mapping
 h - 2 scrolls of blinking
 i - 3 scrolls of remove curse
 j - 4 scrolls of fog
 s - a scroll of fear
Potions
 e - 2 potions of might
 f - 2 potions of brilliance
 k - 2 potions of haste
 n - 5 potions of flight
 o - a potion of berserk rage
 q - 3 potions of curing
 A - 2 potions of heal wounds
Comestibles
 c - 15 rations


   Skills:
 + Level 7.9 Fighting
 + Level 11.0 Axes
 + Level 6.5 Armour
 + Level 4.4 Dodging
 + Level 2.7 Stealth


You had 9 spell levels left.
You didn't know any spells.
Your spell library was empty.

Dungeon Overview and Level Annotations

Branches:
Dungeon (9/15)             Temple (1/1) D:6
   Lair: D:8-11         Orc: D:9-12

Altars:
Ashenzari
Cheibriados
Dithmenos
Elyvilon
Hepliaklqana
Kikubaaqudgha
Nemelex Xobeh
Okawaru
Sif Muna
Vehumet
Yredelemnul
Zin

Shops:
D:4 (((   D:5 }   D:6 [   D:7 %:

Annotations:
D:5 Prince Ribbit
D:6 1 runed door
D:8 4 transporters, hawkwood's ghost, novice DgAr


Innate Abilities, Weirdness & Mutations

You are resistant to torment.
Your stone body is resilient. (AC +7)
You are immune to poison.
You resist negative energy. (rN+)
You are resistant to electric shocks. (rElec)
You can survive without breathing.
You are immune to petrification.
You are immune to rotting.


Message History

You slash the two-headed ogre!
The two-headed ogre is heavily wounded.
The two-headed ogre hits you with a great mace!
The two-headed ogre hits you with a giant club!!
* * * LOW HITPOINT WARNING * * *
You are too injured to fight recklessly!
You are too injured to fight recklessly!
You are too injured to fight recklessly!
You are too injured to fight recklessly!
You are too injured to fight recklessly!
You are too injured to fight recklessly!
You are too injured to fight recklessly!
You are too injured to fight recklessly!
You are too injured to fight recklessly!
You are too injured to fight recklessly!
You are too injured to fight recklessly!
A red film seems to cover your vision as you go berserk!
You feel yourself moving faster!
You feel mighty!
The two-headed ogre hits you with a great mace!
You die...

###################*******##
#..................,,,,,,,,.
#..................,,,,,,,,,
#..########@.###############
#...........O...............
#...........................
#..####################.....
#..# #..!?? #..# #.....
#..####################.....
#...........................
#...........................


You could see a two-headed ogre.

Vanquished Creatures
  Harold (D:7)
  2 two-headed ogres
  Joseph (D:7)
  Grinder (D:4)
  A spriggan (D:7)
  Grum (D:8)
  An ice beast (D:6)
  2 orc warriors
  3 phantoms
  2 sky beasts
  A necrophage (D:7)
  4 wolves (D:8)
  2 centaurs (D:5)
  2 bullfrogs (D:9)
  3 scorpions
  3 wights (D:6)
  5 howler monkeys
  A jelly (D:8)
  4 crimson imps
  A bullfrog zombie (D:8)
  2 hounds (D:6)
  4 orc wizards
  A centaur skeleton (D:7)
  An orc priest (D:7)
  A bullfrog skeleton (D:6)
  An iguana (D:9)
  4 worker ants
  A hound skeleton (D:5)
  A howler monkey zombie (D:6)
  9 gnolls
  4 adders
  A howler monkey skeleton (D:6)
  A shadow imp (D:6)
  2 worms
  5 leopard geckos
  13 orcs
  2 giant cockroaches
  10 goblins
  5 hobgoblins
  3 jackals (D:5)
  3 quokkas
  A ball python (D:3)
  5 bats
  3 frilled lizards
  A jackal skeleton (D:4)
  3 kobolds
  A leopard gecko skeleton (D:7)
  3 rats
132 creatures vanquished.

Vanquished Creatures (others)
  An orc wizard (D:5)
  An adder zombie (D:5)
  3 orcs (D:5)
5 creatures vanquished.

Grand Total: 137 creatures vanquished

Notes
Turn   | Place    | Note
-------+----------+-------------------------------------------
     0 | D:1      | Fang the Gargoyle Berserker began the quest for the Orb.
     0 | D:1      | Reached XP level 1. HP: 14/14 MP: 1/1
   354 | D:1      | Reached XP level 2. HP: 18/19 MP: 2/2
   614 | D:1      | Reached skill level 3 in Axes
   771 | D:2      | Found a sparkling altar of Nemelex Xobeh.
   819 | D:2      | Reached XP level 3. HP: 21/24 MP: 3/3
   882 | D:2      | Reached skill level 1 in Stealth
  1045 | D:2      | Found a shadowy altar of Dithmenos.
  1417 | D:2      | Reached XP level 4. HP: 29/29 MP: 4/4
  1546 | D:3      | Reached ** piety under Trog
  2450 | D:4      | Found an iron altar of Okawaru.
  2474 | D:4      | Reached skill level 4 in Axes
  2474 | D:4      | Reached XP level 5. HP: 17/33 MP: 5/5
  2615 | D:4      | Noticed Grinder
  2645 | D:4      | Paralysed by Grinder for 2 turns
  2662 | D:4      | Paralysed by Grinder for 7 turns
  2672 | D:4      | Killed Grinder
  2672 | D:4      | Reached skill level 5 in Axes
  2672 | D:4      | Reached XP level 6. HP: 6/39 MP: 6/6
  3068 | D:4      | Found Wour's Antique Weapon Shoppe.
  3164 | D:4      | Found a shattered altar of Ashenzari.
  3222 | D:4      | Found an ancient bone altar of Kikubaaqudgha.
  3227 | D:4      | Found a deep blue altar of Sif Muna.
  3229 | D:4      | Found a radiant altar of Vehumet.
  3293 | D:4      | Found Yxipnut's Antique Weapon Shop.
  3304 | D:4      | Found Nucajule's Weapon Shoppe.
  3394 | D:5      | Entered Level 5 of the Dungeon
  3436 | D:5      | Reached XP level 7. HP: 14/44 MP: 7/7
  3883 | D:5      | Reached skill level 5 in Fighting
  3976 | D:5      | Found Rede's Gadget Emporium.
  3977 | D:5      | Found a glowing silver altar of Zin.
  4216 | D:5      | Noticed Prince Ribbit
  4281 | D:5      | Reached skill level 6 in Axes
  4700 | D:6      | Reached XP level 8. HP: 34/49 MP: 8/8
  5135 | D:6      | Found a sparkling altar of Nemelex Xobeh.
  5202 | D:6      | Reached skill level 7 in Axes
  5518 | D:6      | Found a runed door.
  5520 | D:6      | Got a steaming ring mail
  5531 | D:6      | Identified the +2 ring mail of Atheism {Dex+3} (You found
                  | it on level 6 of the Dungeon)
  5544 | D:6      | Found a white marble altar of Elyvilon.
  5544 | D:6      | Noticed an angel
  5619 | D:6      | Found a staircase to the Ecumenical Temple.
  5637 | Temple   | Entered the Ecumenical Temple
  5809 | D:6      | Found Xiboferiow's Armour Shoppe.
  5864 | D:7      | Reached skill level 5 in Armour
  5921 | D:7      | Reached XP level 9. HP: 34/55 MP: 9/9
  5945 | D:7      | Reached skill level 8 in Axes
  6058 | D:7      | Noticed Joseph
  6076 | D:7      | Killed Joseph
  6307 | D:7      | Found Zazeisi's Book Boutique.
  6362 | D:7      | Found Eghud's Food Shop.
  6362 | D:7      | Noticed Harold
  6383 | D:7      | Killed Harold
  6383 | D:7      | Reached skill level 9 in Axes
  6876 | D:8      | Noticed Grum
  6884 | D:8      | Killed Grum
  6884 | D:8      | Reached *** piety under Trog
  6884 | D:8      | Reached XP level 10. HP: 33/63 MP: 10/10
  6891 | D:8      | Reached skill level 10 in Axes
  7163 | D:8      | Noticed hawkwood's ghost (novice DgAr)
  7171 | D:8      | Found a transporter.
  7317 | D:8      | Noticed a two-headed ogre
  7327 | D:8      | Killed a two-headed ogre
  7368 | D:8      | Found a transporter.
  7428 | D:8      | Found a basalt altar of Yredelemnul.
  7428 | D:8      | Found a snail-covered altar of Cheibriados.
  7430 | D:8      | Found a hazy altar of Hepliaklqana.
  7566 | D:8      | Found a transporter.
  7574 | D:8      | Found a transporter.
  7826 | D:9      | Noticed a two-headed ogre
  7836 | D:9      | Killed a two-headed ogre
  7836 | D:9      | Reached skill level 11 in Axes
  8075 | D:9      | Noticed a two-headed ogre
  8083 | D:9      | Slain by a two-headed ogre

Skill      XL: |  1  2  3  4  5  6  7  8  9 10 |
---------------+-------------------------------+-----
Axes           | 3 4 5 6 7 9 11 | 11.0
Fighting       | 4 5 7 |  7.9
Stealth        | 1 2 |  2.7
Dodging        | 2 3 4 |  4.4
Armour         | 3 5 6 |  6.5

Action                   |  1- 3 |  4- 6 |  7- 9 | 10-12 || total
-------------------------+-------+-------+-------+-------++-------
Melee: Hand axe          |   109 |   136 |   317 |       ||   562
       War axe           |       |       |   135 |    72 ||   207
Invok: Berserk           |       |     2 |     2 |     2 ||     6
  Use: Scroll            |       |       |       |    22 ||    22
 Stab: Sleeping          |     3 |     1 |       |       ||     4
  Eat: Chunk             |     1 |     4 |    24 |     9 ||    38
       Ration            |       |     1 |       |       ||     1
Armor: Animal skin       |    37 |    15 |       |       ||    52
       Chain mail        |       |    37 |   206 |       ||   243
       Ring mail         |       |       |    81 |    24 ||   105
       Skin              |       |       |       |     3 ||     3
Dodge: Dodged            |    84 |    82 |   187 |    40 ||   393
